Map: Breakwater LE

Players

Ekelpack

  • Race: Zerg Zerg
  • Spawn Location: 1:00

Nyck

  • Race: Terran Terran
  • Spawn Location: 1:00

Níðhǫggr

  • Race: Zerg Zerg
  • League: Master
  • Spawn Location: 7:00

Pookeer

  • Race: Protoss Protoss
  • Spawn Location: 7:00

VOD

Have the link to the VOD?

Description

Time

  • Played on: Jan. 1, 2025, 1:17 p.m.
  • Length: 12:05
Show
View Real Time Build Order
Export as new Build Order

Ekelpack Zerg 

Build Orders: Hatch First 

Get SALT Encoding   

  12  0:00  Drone  
  13  0:13  Overlord  
  13  0:17  Drone  
  14  0:32  Drone  
  15  0:42  Drone  
  16  0:49  Hatchery  
  15  0:51  Drone  
  16  1:06  Spawning Pool  
  16  1:10  Drone, Extractor  
  15  1:14  Drone  
  15  1:16  Drone  
  17  1:24  Drone  
  18  1:41  Drone  
  19  1:51  Overlord  
  19  1:53  Queen  
  21  2:00  Queen  
  23  2:03  Drone  
  24  2:11  Drone  
  24  2:12  Drone  
  26  2:15  Drone  
  26  2:19  Drone  
  28  2:29  Lair  
  28  2:32  Drone  
  28  2:33  Drone  
  28  2:36  Drone  
  31  2:40  Drone  
  31  2:44  Extractor  
  31  2:45  Drone  
  31  2:50  Zergling x2  
  33  2:57  Zergling x2  
  34  3:00  Metabolic Boost  
  34  3:03  Zergling x4  
  34  3:04  Overlord  
  36  3:24  Overlord  
  36  3:25  Overlord  
  36  3:33  Extractor  
  35  3:36  Extractor  
  35  3:37  Drone x2  
  35  3:41  Spire  
  35  3:46  Drone x6  
  35  3:47  Drone x3  
  44  3:54  Drone  
  45  4:04  Drone  
  45  4:05  Overlord x2  
  46  4:19  Drone x4  
  46  4:22  Overlord  
  49  4:35  Spine Crawler  
  49  4:36  Spine Crawler, Zergling x2  
  49  4:37  Zergling x4  
  50  4:41  Spine Crawler  
  49  4:46  Zergling x8  
  49  4:47  Zergling x2  
  53  5:13  Zergling x8  
  53  5:14  Zergling x4  
  54  5:18  Zergling x2  
  50  5:25  Zergling x4  
  50  5:26  Zergling x4  
  54  5:28  Queen  
  56  5:36  Mutalisk x2  
  56  5:40  Zerg Flyer Weapons Level 1  
  59  5:59  Mutalisk x4  
  59  6:00  Mutalisk x2  
  70  6:10  Mutalisk  
  70  6:11  Mutalisk  
  72  6:13  Overlord x2  
  74  6:32  Mutalisk x4  
  82  6:43  Mutalisk x2  
  82  6:44  Overlord  
  82  6:45  Zergling x8  
  87  6:58  Mutalisk x3  
  78  7:15  Mutalisk  
  75  7:17  Drone x4  
  75  7:18  Drone x2  
  81  7:26  Queen  
  81  7:28  Drone x2  
  85  7:38  Hatchery  
  85  7:41  Drone x3  
  86  8:11  Drone x3  
  86  8:12  Drone x3  
  92  8:22  Drone x2  
  86  8:35  Overlord x2  
  86  8:38  Zerg Flyer Weapons Level 2  
  86  8:42  Extractor  
  86  8:43  Extractor  
  86  8:44  Drone x2  
  86  8:55  Mutalisk x4  
  86  8:56  Mutalisk x3  
  86  9:00  Drone x2  
  86  9:01  Drone  
  103  9:08  Queen  
  105  9:16  Drone x4  
  109  9:27  Mutalisk x4  
  109  9:28  Mutalisk x2  
  121  9:36  Overlord x3  
  109  10:22  Infestation Pit  
  109  10:27  Drone x2  
  109  10:28  Overlord x4  
  110  10:38  Hatchery  
  109  10:51  Mutalisk x3  
  109  10:52  Mutalisk x5  
  109  10:53  Mutalisk  
  109  10:54  Zergling x10  
  132  11:01  Zergling x8  
  136  11:25  Zergling x8  
  140  11:26  Zergling x8  
Show
View Real Time Build Order
Export as new Build Order

Nyck Terran 

Build Orders:  

Get SALT Encoding   

  12  0:00  SCV  
  13  0:13  Supply Depot  
  13  0:17  SCV  
  14  0:29  SCV  
  15  0:38  Barracks  
  15  0:41  SCV  
  16  0:46  Refinery  
  16  0:53  SCV  
  17  1:06  SCV  
  18  1:13  Refinery  
  18  1:20  SCV  
  19  1:30  Reaper  
  19  1:32  SCV  
  21  1:41  Command Center  
  21  1:45  SCV  
  22  2:00  Supply Depot  
  22  2:03  Barracks Tech Lab  
  22  2:06  Orbital Command  
  22  2:24  Marine  
  23  2:30  Barracks  
  23  2:35  SCV  
  24  2:47  SCV  
  25  2:53  Barracks  
  25  2:54  Marauder  
  28  3:02  Orbital Command  
  27  3:11  SCV  
  28  3:18  Orbital Command  
  28  3:20  Combat Shield  
  28  3:23  SCV  
  28  3:24  Barracks Reactor  
  29  3:38  SCV  
  30  3:46  SCV  
  31  3:51  Barracks Reactor  
  31  3:54  Engineering Bay  
  31  3:56  SCV  
  31  3:59  Factory  
  31  4:00  Marine x2  
  34  4:09  SCV x2  
  36  4:12  Refinery  
  36  4:14  Refinery  
  36  4:15  Marine  
  37  4:21  SCV x2  
  39  4:24  Engineering Bay  
  39  4:25  Terran Infantry Weapons Level 1  
  39  4:32  Marine x4  
  39  4:33  SCV x2  
  39  4:37  Bunker  
  45  4:39  Stimpack  
  45  4:42  Bunker  
  45  4:43  Marine  
  46  4:54  SCV  
  46  4:56  SCV  
  36  5:17  Orbital Command, SCV  
  36  5:21  Marine x4  
  31  5:24  Marauder  
  33  5:39  SCV  
  33  5:41  Marine x4  
  38  5:44  Terran Infantry Armor Level 1  
  38  5:51  Barracks  
  38  5:56  Starport  
  38  5:59  SCV x2  
  40  6:06  Factory Reactor  
  40  6:08  Marine x4, Marauder  
  46  6:19  Supply Depot, SCV x2  
  48  6:27  Marine  
  48  6:28  Marine  
  48  6:30  Marine  
  48  6:31  SCV x2  
  53  6:34  Marine  
  54  6:43  SCV x2  
  54  6:44  Supply Depot  
  56  6:48  Marine x2  
  44  7:08  SCV x2  
  41  7:09  Supply Depot, Marine x4  
  41  7:12  Orbital Command, Marauder  
  41  7:15  Medivac  
  48  7:33  Medivac  
  50  7:38  Marine x2  
  50  7:39  Marine x2  
  54  7:50  SCV x2  
  56  8:02  SCV x2, Armory  
  56  8:04  Barracks Reactor  
  58  8:15  Medivac x2  
  58  8:16  Marine x2  
  58  8:18  Marine  
  58  8:19  Marine  
  66  8:20  Marine  
  67  8:31  SCV x2  
  67  8:33  Command Center  
  69  8:37  Marine x3  
  69  8:41  Marine x2  
  72  8:45  SCV x2  
  72  8:46  Marine  
  72  8:48  Marauder, Terran Infantry Weapons Level 2  
  79  8:49  Terran Infantry Armor Level 2  
  79  8:57  SCV x2  
  79  8:59  Refinery  
  79  9:02  Refinery  
  81  9:09  Marine x3  
  83  9:10  Marine x2  
  86  9:44  Marine  
  86  9:45  Marauder  
  82  9:57  SCV  
  82  9:58  SCV  
  82  9:59  Planetary Fortress  
  84  10:05  Refinery  
  84  10:07  Viking x2  
  84  10:10  SCV x2, Marine  
  84  10:11  Marine x6  
  97  10:22  SCV x2  
  97  10:28  Marine x2  
  99  10:30  Refinery  
  101  10:39  SCV x2, Marine x4  
  101  10:40  Supply Depot  
  107  10:45  Viking x2  
  107  10:48  Starport  
  111  10:51  SCV  
  111  10:52  Marine x3  
  91  11:03  SCV  
  67  11:05  Supply Depot  
  67  11:07  Marine x4  
  67  11:10  Marine  
  68  11:15  SCV, Viking x2  
  73  11:27  Viking  
  73  11:28  Supply Depot, Marine  
  73  11:29  Marine x5  
  73  11:30  Marauder  
  85  11:51  Supply Depot  
Show
View Real Time Build Order
Export as new Build Order

Níðhǫggr Zerg 

Build Orders: Hatch First 

Get SALT Encoding   

  12  0:00  Drone  
  13  0:12  Overlord  
  13  0:16  Drone  
  14  0:30  Drone  
  14  0:31  Drone  
  14  0:35  Drone  
  17  0:50  Hatchery  
  17  0:54  Drone  
  17  1:07  Spawning Pool  
  17  1:11  Extractor  
  15  1:12  Drone  
  15  1:15  Drone  
  15  1:18  Drone  
  18  1:41  Overlord  
  18  1:56  Queen, Zergling x4  
  22  2:02  Drone, Queen  
  22  2:03  Drone  
  26  2:13  Metabolic Boost  
  26  2:22  Drone x3  
  29  2:23  Drone  
  30  2:37  Drone x2  
  32  2:44  Overlord  
  32  2:49  Drone  
  33  2:55  Drone  
  33  2:56  Drone, Roach Warren  
  34  3:05  Drone, Extractor  
  34  3:10  Drone x2  
  34  3:24  Overlord, Extractor  
  34  3:27  Hatchery  
  32  3:36  Roach  
  32  3:37  Roach x4  
  42  3:55  Roach x5  
  52  4:05  Overlord  
  52  4:06  Overlord  
  52  4:24  Lair  
  52  4:25  Drone x4  
  52  4:26  Drone x2  
  52  4:30  Drone x2  
  60  4:33  Drone  
  61  4:49  Drone  
  61  4:50  Drone x4  
  64  5:14  Roach  
  64  5:15  Roach x4  
  64  5:19  Roach x2  
  74  5:23  Overlord x2  
  74  5:24  Overlord  
  74  5:32  Overlord x2  
  74  5:36  Extractor, Roach x4  
  74  5:41  Evolution Chamber  
  74  5:42  Queen, Evolution Chamber  
  71  5:44  Hydralisk Den  
  71  5:45  Ravager x4  
  71  5:46  Drone  
  71  5:47  Drone x3  
  76  5:59  Ravager x5  
  76  6:00  Drone x4  
  76  6:01  Drone x2  
  87  6:08  Zerg Missile Weapons Level 1  
  87  6:12  Zerg Ground Armor Level 1  
  87  6:24  Hydralisk x2  
  87  6:25  Hydralisk  
  93  6:27  Spore Crawler  
  93  6:29  Spore Crawler  
  93  6:32  Spore Crawler  
  90  6:58  Hydralisk  
  90  6:59  Hydralisk  
  80  7:03  Hydralisk  
  80  7:04  Hydralisk x5  
  82  7:16  Hydralisk x3  
  82  7:19  Drone  
  82  7:20  Drone x7  
  87  7:23  Spore Crawler  
  87  7:27  Spore Crawler  
  85  7:32  Muscular Augments  
  85  7:35  Spore Crawler  
  84  7:37  Spore Crawler  
  84  7:40  Drone x4  
  84  7:41  Drone  
  88  8:03  Extractor  
  88  8:05  Extractor  
  86  8:07  Zerg Missile Weapons Level 2, Zerg Ground Armor Level 2  
  86  8:11  Hydralisk  
  86  8:12  Hydralisk x2  
  92  8:13  Drone  
  92  8:14  Drone x5  
  98  8:22  Spore Crawler  
  98  8:23  Drone  
  96  8:38  Spore Crawler  
  95  8:44  Drone  
  95  8:45  Drone x2  
  95  8:46  Overlord x2, Baneling Nest  
  95  8:47  Overlord x2  
  97  9:04  Hydralisk x9  
  97  9:05  Hatchery  
  97  9:07  Extractor  
  113  9:10  Pneumatized Carapace  
  113  9:16  Roach x4  
  121  9:25  Roach x3  
  121  9:26  Roach  
  129  9:35  Overlord x2  
  129  9:36  Overlord  
  127  9:52  Hydralisk  
  125  9:53  Hydralisk x7  
  141  10:06  Infestation Pit  
  140  10:13  Zergling x8  
  140  10:14  Zergling x12  
  150  10:15  Centrifugal Hooks  
  150  10:29  Hydralisk  
  150  10:30  Hydralisk x4  
  160  10:42  Overlord x5  
  160  10:59  Hydralisk  
  160  11:00  Hydralisk x6  
Show
View Real Time Build Order
Export as new Build Order

Pookeer Protoss 

Build Orders: Colossus Rush 

Get SALT Encoding   

  12  0:00  Probe  
  13  0:12  Probe  
  14  0:20  Pylon  
  14  0:24  Probe  
  15  0:36  Probe  
  15  0:38  Gateway  
  16  0:43  Assimilator  
  16  0:44  Probe  
  17  0:54  Probe  
  17  0:55  Assimilator  
  18  1:05  Probe  
  19  1:13  Probe, Pylon  
  20  1:21  Probe  
  20  1:30  Cybernetics Core  
  20  1:32  Gateway  
  21  1:33  Probe  
  22  1:45  Probe  
  23  2:10  Nexus  
  23  2:12  Pylon  
  23  2:13  Warp Gate  
  23  2:15  Sentry  
  25  2:20  Stalker  
  27  2:30  Pylon  
  27  2:35  Stalker  
  29  2:57  Stalker  
  31  3:14  Robotics Facility  
  31  3:16  Gateway  
  31  3:19  Stalker, Pylon  
  31  3:25  Probe  
  33  3:33  Probe  
  34  3:35  Probe  
  36  3:42  Shield Battery, Probe  
  37  3:48  Probe  
  37  3:53  Shield Battery  
  37  3:54  Probe  
  39  4:09  Probe  
  41  4:10  Probe  
  41  4:15  Stalker x2  
  45  4:17  Observer  
  45  4:19  Stalker  
  45  4:23  Probe x2  
  50  4:35  Probe  
  51  4:43  Robotics Bay  
  51  4:45  Pylon  
  51  4:51  Pylon  
  45  5:22  Stalker x3  
  45  5:26  Colossus  
  51  5:39  Probe  
  51  5:41  Probe  
  59  5:45  Assimilator  
  59  5:47  Assimilator, Probe  
  59  5:48  Shield Battery  
  59  5:53  Probe  
  59  5:56  Probe  
  62  6:05  Stalker x3  
  62  6:06  Probe  
  62  6:08  Probe  
  70  6:20  Probe  
  71  6:27  Colossus  
  77  6:33  Forge  
  77  6:36  Twilight Council  
  55  7:08  Stalker x3  
  55  7:11  Blink  
  55  7:13  Probe  
  61  7:16  Protoss Ground Weapons Level 1  
  61  7:21  Probe  
  62  7:23  Photon Cannon  
  62  7:27  Photon Cannon  
  63  7:30  Photon Cannon  
  63  7:31  Probe, Pylon  
  64  7:37  Photon Cannon  
  64  7:42  Photon Cannon  
  64  7:49  Photon Cannon  
  63  8:01  Stalker x2  
  63  8:02  Stalker  
  69  8:06  Pylon  
  69  8:12  Gravitic Boosters  
  69  8:30  Gateway  
  69  8:33  Gateway, Stalker  
  71  8:35  Stalker x2, Pylon  
  71  8:37  Probe  
  76  8:41  Pylon  
  76  8:43  Photon Cannon  
  76  8:44  Pylon x2, Photon Cannon  
  76  8:46  Pylon, Photon Cannon  
  76  8:48  Shield Battery  
  76  8:50  Pylon  
  76  8:51  Shield Battery, Immortal  
  76  8:52  Photon Cannon  
  80  9:02  Protoss Ground Weapons Level 2  
  80  9:05  Extended Thermal Lance  
  80  9:25  Colossus  
  86  9:31  Stalker x3  
  86  9:36  Stalker  
  94  10:09  Pylon  
  94  10:12  Sentry  
  96  10:14  Stalker x3  
  96  10:15  Stalker  
  104  10:39  Nexus  
  104  10:41  Pylon  
  104  10:47  Probe x2  
  104  10:49  Stalker x3  
  112  10:50  Stalker  
Tags
 
Add a new tag
Caveats
  • Supply blocks, unpowered buildings, or Contaminate may cause inaccurate times.
  • Supply counts are checked every 10 seconds.